 Dungeon Crawl Stone Soup version 0.28-a0-1506-g3893175d92 (webtiles) character file.

Game seed: 11417966658811515679

191 HallandMoats the Skirmisher (level 5, -7/47 HPs)
             Began as a Ghoul Fighter on Jan 14, 2022.
             Was a Believer of Makhleb.
             Mangled by an iguana (9 damage)
             ... on level 4 of the Dungeon.
             The game lasted 00:02:41 (2488 turns).

HallandMoats the Skirmisher (Ghoul Fighter)         Turns: 2488, Time: 00:02:41

Health: -7/47      AC:  6    Str: 20    XL:     5   Next: 70%
Magic:  5/5        EV:  9    Int:  5    God:    Makhleb [**....]
Gold:   78         SH:  4    Dex:  8    Spells: 4/4 levels left

rFire   . . .      SeeInvis .   a - +0 long sword
rCold   + . .      Faith    .   c - +0 buckler
rNeg    + + +      Spirit   .   b - +0 scale mail
rPois   ∞          Reflect  .   (no helmet)
rElec   .          Harm     .   (no cloak)
rCorr   .          Rampage  .   (no gloves)
Will    .....                   (no boots)
Stlth   ..........              (no amulet)
HPRegen 0.00/turn               (no ring)
MPRegen 0.09/turn               (no ring)

@: inhibited regen
A: claws 1, cold resistance 1, negative energy resistance 3, inhibited
regeneration, torment resistance 2
a: Renounce Religion, Minor Destruction


You were on level 4 of the Dungeon.
You worshipped Makhleb.
Makhleb was pleased with you.
You visited 1 branch of the dungeon, and saw 4 of its levels.

You collected 114 gold pieces.
You spent 36 gold pieces at shops.

Inventory:

Hand Weapons
 a - a +0 long sword (weapon)
Armour
 b - a +0 scale mail (worn)
 c - a +0 buckler (worn)
Jewellery
 e - an amulet of regeneration
 l - a +6 ring of intelligence
Scrolls
 f - 3 scrolls of immolation {unknown}
 h - a scroll of fear {unknown}
 i - 5 scrolls of teleportation
 j - a scroll of enchant armour {unknown}
 k - 2 scrolls of identify {unknown}
 n - a scroll of enchant weapon {unknown}
 q - a scroll of torment {unknown}
Potions
 g - a potion of cancellation {unknown}
 m - 2 potions of attraction {unknown}
 o - a potion of haste {unknown}
 p - a potion of curing {unknown}


   Skills:
 * Level 4.3 Fighting
 * Level 2.9 Long Blades
 + Level 3.2 Armour
 + Level 1.3 Dodging
 * Level 3.4 Shields
 * Level 1.4 Invocations


You had 4 spell levels left.
You didn't know any spells.
Your spell library was empty.

Dungeon Overview and Level Annotations

Branches:
Dungeon (4/15)
 Temple: D:4-7

Altars:
Makhleb

Shops:
D:2 (?:!(


Innate Abilities, Weirdness & Mutations

You thrive by killing the living.
You are immune to poison.
You have sharp fingernails.
Your flesh is cold resistant. (rC+)
You are immune to negative energy. (rN+++)
You do not regenerate when monsters are visible.
You are immune to unholy pain and torment.


Message History

Makhleb accepts your kill.
You feel better. The orc closely misses you.
You hit the orc.
You kill the orc!
Makhleb accepts your kill.
You feel better.
Things that are here:
a +0 trident; an orc corpse Magic restored.
You feel a little less mighty now.
An iguana comes into view.
An iguana is nearby!
You are too injured to fight recklessly!
An iguana is nearby!
You are too injured to fight recklessly!
An iguana is nearby!
You are too injured to fight recklessly!
An iguana is nearby!
You are too injured to fight recklessly!
You are too injured to fight recklessly!
You are too injured to fight recklessly!
You are too injured to fight recklessly!
The iguana hisses angrily.
You hit the iguana but do no damage. The iguana closely misses you.
You barely miss the iguana. The iguana bites you!
* * * LOW HITPOINT WARNING * * *
You slash the iguana!
The iguana is severely wounded.
You block the iguana's attack. The iguana bites you!
* * * LOW HITPOINT WARNING * * *
You closely miss the iguana.
The iguana is severely wounded.
The iguana misses you.
You closely miss the iguana.
The iguana is severely wounded.
The iguana closely misses you.
You barely miss the iguana.
The iguana is severely wounded.
The iguana closely misses you. The iguana bites you!
You die...

..........# > ..........#
### . ..........# # ..##.
#........# #) #....
#......))# #.##....
#......).# ########......#
#........###.....##......#
#..............#.#......##
#........@.......#.#....##
#.........l#..##.#.....†..
#..............#.......<#.
#.........###....#........
#######+### #.......###.#.
#.......####.######.
#######.# #...#.... #.#
###.#.### ### #...#


You could see an iguana.

Vanquished Creatures
  A scorpion (D:4)
  An orc priest (D:4)
  3 adders
  A worm (D:2)
  5 dart slugs
  3 orcs (D:4)
  3 ball pythons
  5 bats
  4 endoplasms (D:1)
  4 giant cockroaches
  5 goblins
  7 hobgoblins
  2 quokkas
  5 frilled lizards
  3 kobolds
  6 rats
58 creatures vanquished.

Vanquished Creatures (others)
  2 plants (D:1)
  2 withered plants (D:1)
4 creatures vanquished.

Grand Total: 62 creatures vanquished

Notes
Turn   | Place    | Note
-------+----------+-------------------------------------------
     0 | D:1      | HallandMoats the Ghoul Fighter began the quest for the Orb.
     0 | D:1      | Reached XP level 1. HP: 19/19 MP: 0/0
   167 | D:1      | Found a faded altar of an unknown god.
   202 | D:1      | Prayed at the altar of an unknown god.
   202 | D:1      | Became a worshipper of Makhleb the Destroyer
   202 | D:1      | Reached * piety under Makhleb
   276 | D:1      | Reached XP level 2. HP: 26/26 MP: 1/1
   685 | D:1      | Reached XP level 3. HP: 32/33 MP: 2/2
  1004 | D:2      | Found Zemo's Distillery.
  1089 | D:2      | Reached ** piety under Makhleb
  1093 | D:2      | Found Kekhliott's Weapon Shoppe.
  1241 | D:2      | Found Gayrphog's Book Shop.
  1345 | D:2      | Reached XP level 4. HP: 39/40 MP: 3/3
  1351 | D:2      | Found Maops's Antique Weapon Emporium.
  1540 | D:2      | Found Qykhlyecs's Magic Scroll Boutique.
  1545 | D:2      | Bought a scroll of teleportation for 36 gold pieces
  1684 | D:3      | Reached skill level 4 in Fighting
  1772 | D:3      | Reached skill level 1 in Dodging
  2298 | D:4      | Noticed a scorpion
  2309 | D:4      | Killed a scorpion
  2310 | D:4      | Reached skill level 1 in Invocations
  2310 | D:4      | Reached XP level 5. HP: 34/46 MP: 4/4
  2485 | D:4      | HP: 2/47 [iguana (10)]
  2488 | D:4      | Mangled by an iguana

Illustrated notes

Levels and vault maps discovered:
D:1:      dpeg_arrival_circle_labyrinth_c, layout_basic,
          shapermc_ecumenical_altar_flowoftime
D:2:      layout_loops_ring, serial_shops, nicolae_shop_bloodbath_and_beyond,
          nicolae_shop_hallway_plus, nicolae_shop_waterfront,
          nicolae_shop_stone, shop_fountains, minmay_misc_feat_tiny,
          minivault_19, feat_on_display
D:3:      layout_loops_ring
D:4:      layout_basic, nicolae_overflow_squiral, minmay_temple_entry_offerings,
          grunt_decor_mini_mirrors, hangedman_decor_growths,
          minmay_increasing_density

Skill      XL: |  1  2  3  4 |
---------------+-------------+-----
Long Blades    | 2 |  2.9
Shields        | 3 |  3.4
Armour         | 3 |  3.2
Fighting       | 4 |  4.3
Dodging        | 1 |  1.3
Invocations    | 1 |  1.4

Action                   |  1- 3 |  4- 6 || total
-------------------------+-------+-------++-------
Melee: Long sword        |   110 |    77 ||   187
  Use: Potion            |       |     1 ||     1
Armor: Scale mail        |    41 |    27 ||    68
Dodge: Dodged            |    41 |    37 ||    78
Block: Buckler           |    23 |    17 ||    40

Table legend: (Time is in decaauts)
 A = Elapsed time spent in this place.
 B = Non-inter-level travel time spent in this place.
 C = Inter-level travel time spent in this place.
 D = Time resting spent in this place.
 E = Time spent auto-exploring this place.
 F = Levels seen in this place.
 G = Mean time per level.
                   A        B        C        D        E       F      G
               +--------+--------+--------+--------+--------+-----+--------+
         Total |   2546 |   2418 |    128 |      0 |   1934 |   4 |  636.5 |
       Dungeon |   2546 |   2418 |    128 |      0 |   1934 |   4 |  636.5 |
               +--------+--------+--------+--------+--------+-----+--------+

Top non-repeatable levels by time:
     D:1: 1024 daAuts
     D:2: 683 daAuts
     D:3: 637 daAuts
     D:4: 200 daAuts
